 Dungeon Crawl Stone Soup version 0.28-a0-1406-ga8dd43b1d0 (webtiles) character file.

Game seed: 13498977917939130784

472 Cheeritup the Caller (level 7, -1/46 HPs)
             Began as a Merfolk Summoner on Jan 6, 2022.
             Was an Initiate of Wu Jian.
             Slain by a killer bee (5 damage)
             ... on level 5 of the Dungeon.
             The game lasted 00:23:20 (5555 turns).

Cheeritup the Caller (Merfolk Summoner)             Turns: 5555, Time: 00:23:20

Health: -1/46      AC:  7    Str: 16    XL:     7   Next: 9%
Magic:  5/10       EV: 12    Int: 15    God:    Wu Jian [......]
Gold:   150        SH:  0    Dex: 14    Spells: 4/10 levels left

rFire   . . .      SeeInvis .   s - +2 spear (protect)
rCold   . . .      Faith    .   y - orb {light}
rNeg    . . .      Spirit   .   o - +0 ring mail
rPois   .          Reflect  .   g - +1 helmet
rElec   .          Harm     .   (no cloak)
rCorr   +          Rampage  .   (no gloves)
Will    .....                   (no boots)
Stlth   +.........              (no amulet)
HPRegen 0.15/turn               h - +6 ring of strength
MPRegen 0.12/turn               j - ring of resist corrosion

@: lethally poisoned (-1 -> -8), about to teleport, glowing
A: (nimble swimmer 2), mertail
a: Renounce Religion


You were on level 5 of the Dungeon.
You worshipped Wu Jian.
Wu Jian was noncommittal.
You visited 1 branch of the dungeon, and saw 5 of its levels.
You also visited: Sewer.

You collected 150 gold pieces.

Inventory:

Hand Weapons
 c - a +0 battleaxe of electrocution
 f - a +1 dagger of protection
 m - the +2 mace of Nalof {antimagic, Will+}
   (You found it on level 2 of the Dungeon)

   It reduces the magical energy of the wielder, and disrupts the spells and
   magical abilities of those it strikes.
   Natural abilities and divine invocations are not affected.
   Will:      It increases your willpower.
 s - a +2 spear of protection (weapon)
Missiles
 i - 2 silver javelins
 x - 15 poisoned darts
Armour
 g - a +1 helmet (worn)
 o - a +0 ring mail (worn)
 t - a +0 leather armour
 y - an orb of light (worn)
Jewellery
 h - a +6 ring of strength (left hand)
 j - a ring of resist corrosion (right hand)
Wands
 b - a wand of flame (16)
Scrolls
 k - a scroll of amnesia
 n - a scroll of teleportation
 w - 2 scrolls of fog
Potions
 d - a potion of curing
 e - 4 potions of mutation
 l - a potion of flight
 p - a potion of lignification
 q - 3 potions of heal wounds
 r - a potion of might {unknown}
 u - a potion of cancellation
 v - a potion of brilliance {unknown}
 z - a potion of degeneration {unknown}


   Skills:
 - Level 1.2 Short Blades
 - Level 5.0 Polearms
 - Level 4.0 Dodging
 - Level 2.1 Stealth
 - Level 2.0 Spellcasting
 + Level 6.9 Summonings


You had 4 spell levels left.
You knew the following spells:

 Your Spells              Type           Power      Damage    Failure   Level
a - Summon Small Mammal   Summ           88%        N/A       2%          1
b - Call Imp              Summ           22%        N/A       3%          2
c - Call Canine Familiar  Summ           22%        N/A       8%          3

Your spell library contained the following spells:

 Spells                   Type           Power      Damage    Failure   Level
 Summon Guardian Golem    Hex/Summ       11%        N/A       30%         3
 Corpse Rot               Necr/Air       2%         N/A       54%         2
 Ensorcelled Hibernation  Hex/Ice        2%         N/A       54%         2
 Poisonous Vapours        Pois/Air       2%         N/A       54%         2
 Summon Lightning Spire   Summ/Air       11%        N/A       71%         4
 Tukima's Dance           Hex            1%         N/A       77%         3
 Enfeeble                 Hex            0%         N/A       100%        7


Dungeon Overview and Level Annotations

Branches:
Dungeon (5/15)              Sewer (visited)
 Temple: D:4-7

Altars:
Ashenzari
Wu Jian


Innate Abilities, Weirdness & Mutations

((You are very nimble when in or above water. (Stealth+, EV+, Speed+++)))
Your lower body shifts to a powerful aquatic tail in water.


Message History

Your white imp hits the killer bee but does no damage.
Something stings your white imp but does no damage.
The killer bee closely misses you. The killer bee stings your hound.
As you read the scroll of teleportation, it crumbles to dust.
You feel strangely unstable.
You feel sick. The killer bee barely misses you.
Something stings your white imp.
Your white imp dies!
Your white imp disappears in a puff of smoke!
The killer bee barely misses you.
Your hound closely misses the killer bee.
The killer bee stings your hound but does no damage.
The killer bee stings you but does no damage.
The killer bee closely misses you.
Your hound barely misses the killer bee.
The killer bee stings your hound.
You barely miss the killer bee.
The killer bee is almost dead.
The killer bee stings you but does no damage.
The killer bee stings you.
* * * LOW HITPOINT WARNING * * *
You are lethally poisoned!
The killer bee poisons you! The killer bee stings your hound!
Your hound dies!
Your hound's corpse disappears in a puff of smoke!
The killer bee stings you but does no damage.
The killer bee barely misses you.
You miss the killer bee.
The killer bee is almost dead.
* * * LOW HITPOINT WARNING * * *
You feel very sick. The killer bee closely misses you.
The killer bee stings you.
* * * LOW HITPOINT WARNING * * *
The killer bee barely misses you. The killer bee completely misses you.
You closely miss the killer bee.
The killer bee is almost dead.
* * * LOW HITPOINT WARNING * * *
You feel sick.
The killer bee stings you but does no damage.
The killer bee stings you.
You die...

############################
..............#....'........
.....)........#.§§.#..§.....
..............#....#........
...##.........#yyy.#.y§.....
...#########..##y####.###...
...##.....##..##@y# .# ..
...#5.....#....)[.+ .. .
...'......#.......# ..
###.#####+#.......# y..
..................#
...##...###...##..# ..##
.#.# #.#.###.# ..###...#
#...# .. .....### .### ...


You could see 5 killer bees.

Vanquished Creatures
  Pargi (Sewer)
  A scorpion (D:5)
  A water moccasin skeleton (D:4)
  A hound (D:4)
  9 adders
  A river rat (D:4)
  A worm (D:4)
  2 dart slugs (D:2)
  An orc (D:3)
  6 ball pythons
  7 endoplasms
  A giant cockroach (D:4)
  8 goblins
  2 hobgoblins
  A jackal (D:2)
  4 kobolds
  2 bats
  9 frilled lizards
  2 rats
60 creatures vanquished.

Vanquished Creatures (collateral kills)
  An ogre (D:4)
  A worm (D:1)
  A hobgoblin (D:2)
  A jackal (D:2)
  A quokka (D:4)
  A bat (D:2)
  A frilled lizard (Sewer)
  A kobold (D:2)
  A rat (D:2)
9 creatures vanquished.

Vanquished Creatures (others)
  2 plants (D:2)
2 creatures vanquished.

Grand Total: 71 creatures vanquished

Notes
Turn   | Place    | Note
-------+----------+-------------------------------------------
     0 | D:1      | Cheeritup the Merfolk Summoner began the quest for the Orb.
     0 | D:1      | Reached XP level 1. HP: 13/13 MP: 3/3
   321 | D:1      | Reached XP level 2. HP: 19/19 MP: 5/5
  1273 | D:2      | Learned a level 2 spell: Call Imp
  1296 | D:2      | Reached skill level 5 in Summonings
  1296 | D:2      | Reached XP level 3. HP: 4/24 MP: 2/6
  2023 | D:2      | Identified the +2 mace of Nalof {antimagic, Will+}
  2341 | D:2      | Reached XP level 4. HP: 30/30 MP: 7/7
  2830 | D:3      | Reached skill level 1 in Short Blades
  3243 | D:3      | Found a faded altar of an unknown god.
  3323 | D:3      | Found an ornate altar of the Wu Jian Council.
  3333 | D:3      | Became a worshipper of the Wu Jian Council
  3663 | D:4      | Reached skill level 1 in Polearms
  3689 | D:4      | Reached XP level 5. HP: 35/35 MP: 3/8
  3700 | D:4      | Noticed an ogre
  3737 | D:4      | Killed an ogre
  3785 | D:4      | Found a broken altar of Ashenzari.
  3907 | D:4      | Reached skill level 6 in Summonings
  4027 | D:4      | Reached XP level 6. HP: 41/41 MP: 9/9
  4110 | D:4      | Found a glowing drain.
  4114 | Sewer    | Entered a sewer
  4316 | Sewer    | Noticed Pargi
  4340 | Sewer    | Killed Pargi
  4375 | Sewer    | Reached * piety under Wu Jian
  4592 | D:4      | Reached skill level 5 in Polearms
  4713 | D:4      | Learned a level 3 spell: Call Canine Familiar
  5147 | D:5      | Entered Level 5 of the Dungeon
  5202 | D:5      | Reached XP level 7. HP: 43/46 MP: 2/10
  5555 | D:5      | Slain by a killer bee

Illustrated notes

Levels and vault maps discovered:
D:1:      ncdulo_smallfort, layout_basic, feat_on_display
D:2:      layout_rooms, serial_bayou_pond_b, chequers_serial_rivers_room_a
D:3:      layout_rooms, nzn_wu_jian_contemplation,
          hellmonk_ecumenical_altar_crossroads
D:4:      layout_cave_pods, mainiacjoe_overflow_24_doors, gup_sewer_entry_spiral
D:5:      mumra_celtic_spiral_tile, layout_gridville, good_gods_temple_1,
          minmay_temple_entry_stoned_glass, serial_shops, shop_fountains,
          minmay_starry_boxes

Skill      XL: |  1  2  3  4  5  6 |
---------------+-------------------+-----
Summonings     | 5 6 |  6.9
Dodging        | 3 4 |  4.0
Short Blades   | 1 |  1.2
Polearms       | 2 4 5 |  5.0
Stealth        | |  2.1
Spellcasting   | |  2.0

Action                   |  1- 3 |  4- 6 |  7- 9 || total
-------------------------+-------+-------+-------++-------
Melee: Battleaxe         |   105 |       |       ||   105
       Unarmed           |     2 |       |       ||     2
       Dagger            |    44 |    39 |       ||    83
       Punch             |     1 |     4 |       ||     5
       Spear             |       |   184 |    11 ||   195
       Tailslap          |       |     7 |       ||     7
Throw: Javelin           |     1 |     1 |       ||     2
 Cast: Summon Small Mamm |     2 |     2 |       ||     4
       Call Imp          |     7 |    11 |     4 ||    22
       Call Canine Famil |       |     2 |     2 ||     4
Invok: Lunge             |       |     8 |       ||     8
       Whirlwind         |       |     1 |       ||     1
  Use: Scroll            |       |    13 |     3 ||    16
 Stab: Distracted        |     1 |       |       ||     1
       Sleeping          |       |     4 |       ||     4
Armor: Scale mail        |   104 |    13 |       ||   117
       Ring mail         |       |    72 |    11 ||    83
Dodge: Dodged            |    99 |   122 |    28 ||   249

Table legend: (Time is in decaauts)
 A = Elapsed time spent in this place.
 B = Non-inter-level travel time spent in this place.
 C = Inter-level travel time spent in this place.
 D = Time resting spent in this place.
 E = Time spent auto-exploring this place.
 F = Levels seen in this place.
 G = Mean time per level.
                   A        B        C        D        E       F      G
               +--------+--------+--------+--------+--------+-----+--------+
         Total |   5528 |   5397 |    131 |   1579 |   2382 |   6 |  921.3 |
       Dungeon |   5240 |   5109 |    131 |   1479 |   2310 |   5 | 1048.0 |
         Sewer |    287 |    287 |      0 |    100 |     72 |   1 |  287.0 |
               +--------+--------+--------+--------+--------+-----+--------+

Top non-repeatable levels by time:
     D:1: 1661 daAuts
     D:4: 1121 daAuts
     D:3: 1104 daAuts
     D:2: 948 daAuts
     D:5: 405 daAuts
   Sewer: 287 daAuts
